Map: Catalyst LE

Players

DaMan

  • Race: Zerg Zerg
  • League: Diamond
  • Spawn Location: 5:00

A.I. 1 (Elite) - Winner!

  • Race: Terran Terran
  • Spawn Location: 11:00

VOD

Have the link to the VOD?

Description

Time

  • Played on: June 18, 2018, 9:47 p.m.
  • Length: 4:44
Show
View Real Time Build Order
Export as new Build Order

DaMan Zerg 

Build Orders: Pool First, Ravager All-In 

Get SALT Encoding   

  12  0:01  Drone  
  13  0:08  Drone  
  14  0:27  Spawning Pool  
  13  0:32  Drone  
  14  0:58  Hatchery  
  13  1:05  Drone  
  14  1:15  Roach Warren  
  13  1:19  Drone  
  13  1:22  Extractor  
  13  1:25  Extractor  
  12  1:29  Drone  
  13  1:36  Overlord  
  13  1:51  Drone  
  14  1:59  Zergling x2  
  14  2:00  Zergling x2  
  16  2:11  Roach  
  16  2:14  Queen  
  20  2:24  Roach  
  22  2:33  Roach  
  22  2:36  Ravager  
  25  2:45  Ravager  
  26  2:55  Ravager  
  25  3:17  Roach  
  27  3:20  Overlord x2  
  24  3:40  Roach x2  
  28  3:53  Drone x2  
  24  4:01  Roach  
  26  4:08  Ravager  
  27  4:16  Ravager  
  28  4:17  Ravager  
  28  4:20  Roach  
Show
View Real Time Build Order
Export as new Build Order

A.I. 1 (Elite) Terran - Winner!

Build Orders:  

Get SALT Encoding   

  12  0:00  SCV  
  13  0:13  SCV  
  14  0:19  Supply Depot  
  14  0:25  SCV  
  15  0:30  Refinery  
  15  0:40  SCV  
  16  0:47  Barracks  
  16  0:52  SCV  
  17  1:05  SCV  
  18  1:17  SCV  
  19  1:35  Marine, Factory  
  19  1:36  Orbital Command, Supply Depot  
  20  1:51  Barracks  
  20  1:53  Marine  
  21  2:02  SCV  
  22  2:11  Barracks Tech Lab  
  22  2:14  SCV  
  23  2:21  Hellion, Supply Depot  
  25  2:29  Concussive Shells  
  25  2:32  Marauder  
  27  2:39  Barracks Tech Lab  
  27  2:43  Hellion  
  29  2:47  SCV  
  30  2:54  Marauder  
  30  2:58  Marauder  
  34  3:00  Supply Depot  
  34  3:04  Hellion  
  33  3:15  Marine  
  33  3:19  Marauder  
  32  3:25  Hellion  
  31  3:32  Marine  
  28  3:40  Marauder  
  29  3:41  SCV  
  29  3:47  Hellion  
  32  3:50  Marine  
  32  3:51  Refinery  
  32  3:55  SCV  
  33  4:01  Marine  
  31  4:07  SCV  
  31  4:08  Hellion  
  34  4:11  Starport  
  34  4:13  Marine  
  35  4:19  Marine, SCV  
  37  4:31  SCV  
Tags
 
League
Diamond
Matchup
TvZ
Opening
Pool First
Spawn Locations
Cross Positions
Add a new tag
Caveats
  • Supply blocks, unpowered buildings, or Contaminate may cause inaccurate times.
  • Supply counts are checked every 10 seconds.